 Dungeon Crawl Stone Soup version 0.17-a0-1910-g4c791fa (webtiles) character file.

619 ololoev the Chopper (level 7, -1/91 HPs)
             Began as a Hill Orc Fighter on Sept 25, 2015.
             Was a Follower of Makhleb.
             Slain by an ogre
             ... wielding a +0 giant club
              (5 damage)
             ... on level 6 of the Dungeon.
             The game lasted 00:06:56 (888 turns).

ololoev the Chopper (Hill Orc Fighter)               Turns: 888, Time: 00:06:56

Health: -1/91      AC: 23    Str: 21    XL:     7   Next: 46%
Magic:  9/9        EV:  2    Int:  8    God:    Makhleb [*.....]
Gold:   61         SH:  9    Dex: 10    Spells: 0 memorised, 6 levels left

rFire  . . .     SeeInvis .     a - +1 war axe
rCold  . . .     Clarity  .     (armour currently unavailable)
rNeg   + + +     SustAt   .     c - +0 shield
rPois  +         Gourm    .     (helmet currently unavailable)
rElec  .         Spirit   .     (cloak currently unavailable)
rCorr  .         Warding  .     (gloves currently unavailable)
rMut   .         NoTele   +     (boots currently unavailable)
MR     .....                    (no amulet)
Stlth  +.........               (no ring)
                                (no ring)

@: tree-form (expiring), not resistant to hostile enchantments, very unstealthy
A: no striking features
a: Renounce Religion

Inventory:

Hand weapons
 a - a +1 war axe (weapon)
Armour
 c - a +0 shield (worn)
 h - a +4 ring mail of magic resistance (melded)
 o - a +0 cloak (melded)
Scrolls
 g - a scroll of immolation
 i - 3 scrolls of recharging
 l - a scroll of identify
Comestibles
 b - 2 beef jerkies
 e - 4 bread rations
 j - 3 chunks of flesh
 p - a meat ration


   Skills:
 + Level 5.3 Fighting
 * Level 7.2 Axes
 + Level 5.2 Armour
 - Level 3.2 Shields
 + Level 3.9 Invocations


You had 6 spell levels left.
You didn't know any spells.


You were on level 6 of the Dungeon.
You worshipped Makhleb.
Makhleb was aware of your devotion.
You were hungry.
You were a tree.
You visited 1 branch of the dungeon, and saw 6 of its levels.

You collected 61 gold pieces.

. #### .# #.. ... #...# #
#.# .... ....
#.###.##..... ...
#gg)gg....... ...
#####g##.... #.# #O# . #.#
#♣# ##'## ###.### ##...##
#.....## ##.....#
#.###..## ##.......
#######.# #...####........
........###.....)'........
#######.....<..###........
##.......# ##.......
#>#...### ##.....#

Notes
Turn   | Place    | Note
--------------------------------------------------------------
     0 | D:1      | ololoev the Hill Orc Fighter began the quest for the Orb.
     0 | D:1      | Reached XP level 1. HP: 19/19 MP: 1/1
     2 | D:1      | Noticed a troll
     2 | D:1      | Noticed a felid
     4 | D:1      | Noticed a vine stalker
     4 | D:1      | Noticed a dwarf
     6 | D:1      | Noticed a naga
     6 | D:1      | Noticed a draconian
     8 | D:1      | Noticed a ghoul
     8 | D:1      | Noticed a human
    10 | D:1      | Noticed a minotaur
    12 | D:1      | Noticed an octopode
    14 | D:1      | Noticed a formicid
    16 | D:1      | Noticed a tengu
    16 | D:1      | Noticed a demonspawn
    18 | D:1      | Noticed a demigod
    18 | D:1      | Noticed a centaur
    20 | D:1      | Noticed a merfolk
    20 | D:1      | Noticed a vampire
    22 | D:1      | Noticed an ogre
    22 | D:1      | Noticed an elf
    24 | D:1      | Noticed a spriggan
    26 | D:1      | Noticed a gargoyle
    71 | D:1      | Reached XP level 2. HP: 17/27 MP: 2/2
   216 | D:3      | Found a bloodstained altar of Trog.
   351 | D:3      | Reached XP level 3. HP: 33/33 MP: 3/3
   373 | D:2      | Found a burning altar of Makhleb.
   380 | D:2      | Became a worshipper of Makhleb the Destroyer
   422 | D:3      | Reached skill level 4 in Axes
   506 | D:4      | Noticed a scorpion
   516 | D:4      | Killed a scorpion
   516 | D:4      | Reached skill level 1 in Invocations
   516 | D:4      | Reached XP level 4. HP: 27/40 MP: 4/4
   517 | D:4      | Found a staircase to the Ecumenical Temple.
   537 | D:5      | Entered Level 5 of the Dungeon
   567 | D:5      | Reached skill level 5 in Axes
   567 | D:5      | Reached XP level 5. HP: 19/47 MP: 4/6
   598 | D:5      | Noticed an ogre
   612 | D:5      | Killed an ogre
   613 | D:5      | Reached XP level 6. HP: 24/53 MP: 6/8
   623 | D:5      | Reached skill level 6 in Axes
   691 | D:5      | Acquired Makhleb's first power
   700 | D:5      | Noticed a phantom
   711 | D:5      | Killed a phantom
   711 | D:5      | Reached skill level 5 in Fighting
   769 | D:6      | Reached skill level 5 in Armour
   769 | D:6      | Reached XP level 7. HP: 39/61 MP: 9/9
   780 | D:5      | Reached skill level 7 in Axes
   882 | D:6      | HP: 2/91 [ogre/giant club (8)]
   888 | D:6      | Slain by an ogre

Dungeon Overview and Level Annotations

Branches:
Dungeon (6/15)             Temple (0/1) D:4

Altars:
Makhleb
Trog


Message History

Your +0 war axe glows red for a moment.
The ogre hits you with a giant club. The gnoll hits you but does no damage.
Read which item? (? for menu, Esc to quit)
As you read the scroll labeled VYKLUU ZEXUSI, it crumbles to dust.
You hear a loud clanging noise!
It was a scroll of noise.
You hear a shout!
You block the ogre's attack.
Read which item? (? for menu, Esc to quit)
As you read the scroll labeled KAOKKOMAHY, it crumbles to dust.
The creatures around you are filled with an inner flame!
It was a scroll of immolation.
The gnoll hits you but does no damage.
Read which item? (? for menu, Esc to quit)
As you read the scroll labeled ZOTSUU HEYCK, it crumbles to dust.
It is a scroll of identify.
You don't have any unidentified items.
The ogre hits you but does no damage. The gnoll hits you but does no damage.
Your shield prevents you from hitting the ogre.
The ogre is moderately wounded.
The ogre hits you with a giant club! The gnoll hits you but does no damage.
You hit the ogre.
The ogre is heavily wounded.
The ogre hits you but does no damage. The gnoll hits you but does no damage.
You hit the ogre but do no damage.
The ogre is heavily wounded.
You block the gnoll's attack. You block the ogre's attack.
You hit the ogre.
The ogre is severely wounded.
You block the gnoll's attack. The ogre hits you but does no damage.
You barely miss the ogre.
The ogre is severely wounded.
The gnoll hits you but does no damage. You block the ogre's attack.
You hit the ogre.
The ogre is severely wounded.
The gnoll hits you but does no damage. The ogre hits you but does no damage.
You hit the ogre.
The ogre is almost dead.
Your transformation is almost over.
You block the gnoll's attack. The ogre hits you with a giant club.
You die...

You could see an ogre (inner flame) and 3 gnolls.

Vanquished Creatures
  A phantom (D:5)
  2 ogres
  A scorpion (D:4)
  2 crimson imps (D:5)
  A gnoll shaman (D:6)
  An orc priest (D:5)
  2 hounds (D:5)
  A worker ant (D:5)
  An orc wizard (D:5)
  A hound zombie (D:5)
  A gnoll (D:6)
  An adder zombie (D:5)
  2 worms (D:3)
  3 giant geckos
  4 orcs
  2 bats
  2 giant cockroaches
  3 goblins (D:3)
  A hobgoblin (D:1)
  2 ball pythons (D:1)
  5 giant newts
  3 jackals (D:1)
  4 kobolds
  3 rats
49 creatures vanquished.

Action                   |  1- 3 |  4- 6 |  7- 9 || total
-------------------------+-------+-------+-------++-------
Melee: War axe           |    97 |    55 |    55 ||   207
  Use: Potion            |       |     2 |     4 ||     6
       Scroll            |       |       |     5 ||     5

Vault maps used:
D:1:      kb_arrival_jail
D:2:      bloody_makhleb, first_bread, trog_butcher_becter
D:3:      overflow_temple_1_default, bloody_trog
D:4:      lemuel_coloured_pillars_altar, temple_green, uniq_edmund,
          uniq_menkaure
D:5:      nicolae_tso_besieged_by_evil, minmay_curled_crystal
D:6:      wad_pebble_path, lemuel_round_altar
